 Dungeon Crawl Stone Soup version 0.21-a0-153-g78480df (webtiles) character file.

230260 grisnicke the Lord of Darkness (level 19, -4/113 HPs)
             Began as a Tengu Wizard on July 24, 2017.
             Was the Champion of Kikubaaqudgha.
             Slain by an entropy weaver (19 damage)
             ... on level 3 of the Vaults on July 31, 2017.
             The game lasted 10:05:22 (50330 turns).

grisnicke the Lord of Darkness (Tengu Wizard)      Turns: 50330, Time: 10:05:22

Health: -4/113     AC:  8    Str:  9    XL:     19   Next: 2%
Magic:  20/38      EV: 22    Int: 27    God:    Kikubaaqudgha [******]
Gold:   860        SH: 14    Dex: 13    Spells: 2/47 levels left

rFire    + + .     SeeInvis +   a - +9 quick blade (pain)
rCold    + . .     Gourm    .   t - +3 buckler of Atheism {rElec rF+}
rNeg     . . .     Faith    .   A - +2 robe {MR+}
rPois    +         Spirit   .   W - +3 crown of Dyrovepreva {rElec Int+2 SInv}
rElec    +         Reflect  +   p - scarf {repulsion}
rCorr    +         Harm     .   M - +2 pair of gloves
MR       +++..                  (boots unavailable)
Stlth    +++++.....             g - +6 amulet of reflection
HPRegen  1.28/turn              C - ring of protection from magic {MR+, !d}
MPRegen  0.26/turn              k - ring "Sosymykk" {rCorr rPois rC+ Stlth+}

@: death channel, corroded, flying quickly and evasively, regenerating, repel
missiles, quick
A: beak, talons 3, iridescent scales 1, fire resistance 1, able to fly 2
}: 2/15 runes: decaying, gossamer
a: Stop Flying, Receive Corpses, Torment, Renounce Religion


You were on level 3 of the Vaults.
You worshipped Kikubaaqudgha.
Kikubaaqudgha was exalted by your worship.
You were hungry.

You visited 7 branches of the dungeon, and saw 35 of its levels.
You also visited: Labyrinth and Ice Cave.

You collected 4062 gold pieces.
You spent 3202 gold pieces at shops.

Inventory:

Hand Weapons
 a - a +9 quick blade of pain (weapon)
   (You found it in a labyrinth)
 i - a +2 dagger of electrocution
   (You took it off a goblin on level 3 of the Dungeon)
 j - a +0 blowgun
   (You took it off a kobold on level 9 of the Dungeon)
Missiles
 q - 12 curare-tipped needles
 D - 2 throwing nets (quivered) {=f, !d}
Armour
 p - a scarf of repulsion (worn)
   (You bought it in a shop on level 2 of the Orcish Mines)
 t - the +3 buckler of Atheism (worn) {rElec rF+}
   (You bought it in a shop on level 2 of the Orcish Mines)

   It protects you from fire.
   It insulates you from electricity.
 A - a +2 robe of magic resistance (worn)
   (You found it on level 1 of the Swamp)
 M - a +2 pair of gloves (worn)
   (You found it on level 15 of the Dungeon)
 W - the +3 crown of Dyrovepreva (worn) {rElec Int+2 SInv}
   (You bought it in a shop on level 7 of the Dungeon)

   It affects your intelligence (+2).
   It insulates you from electricity.
   It lets you see invisible.
Magical Staves
 b - an uncursed staff of power {MP+17, !a}
   (You found it on level 6 of the Lair of Beasts)
Jewellery
 g - a +6 amulet of reflection (around neck)
   (You found it on level 6 of the Lair of Beasts)
 k - the ring "Sosymykk" (right hand) {rCorr rPois rC+ Stlth+}
   (You bought it in a shop on level 2 of the Orcish Mines)

   [ring of resist corrosion]

   It protects you from cold.
   It protects you from poison.
   It makes you more stealthy.
 w - the ring "Ydoniace" {Fire rN+ Int+3 Dex-3}
   (You found it on level 3 of the Lair of Beasts)

   [ring of fire]

   It enhances your fire magic.
   It affects your intelligence (+3).
   It affects your dexterity (-3).
   It protects you from fire.
   It makes you vulnerable to cold.
   It protects you from negative energy.
 C - a ring of protection from magic (left hand) {MR+, !d}
   (You bought it in a shop on level 7 of the Dungeon)
 G - an uncursed ring of protection from fire {rF+, !d}
   (You found it on level 1 of the Vaults)
 Y - a +5 ring of evasion
   (You found it on level 13 of the Dungeon)
Wands
 e - a wand of lightning (5/15)
   (You found it on level 6 of the Lair of Beasts)
 o - a wand of scattershot (2/9)
   (You found it on level 1 of the Lair of Beasts)
 x - a wand of iceblast (7/15)
   (You found it on level 3 of the Spider Nest)
 y - a wand of digging (5/24)
   (You found it on level 1 of the Spider Nest)
 F - a wand of iceblast (3/15)
   (You took it off Ijyb on level 4 of the Dungeon)
Scrolls
 f - 2 scrolls of fog
 h - 4 scrolls of teleportation
 m - 4 scrolls of recharging
 n - 4 scrolls of magic mapping {!r}
 s - 15 scrolls of remove curse
 v - 3 scrolls of identify
 L - a scroll of summoning
 O - a scroll of fear
 Q - 2 scrolls of blinking {!r}
 R - 6 scrolls of immolation {!r}
 T - a scroll of silence
Potions
 r - 3 potions of agility
 u - 3 potions of haste
 E - 8 potions of lignification {!q}
 H - 3 potions of ambrosia
 I - a potion of invisibility
 J - 6 potions of curing
 K - 4 potions of resistance
 N - a potion of cancellation
 P - a potion of magic
 S - 3 potions of heal wounds
 U - 4 potions of brilliance
 X - 9 potions of might
Books
 c - the Almanac of the Escort and Bewitchment
   (You bought it in a shop on level 2 of the Vaults)

   Spells                             Type                      Level
   a - Summon Butterflies             Summoning                    1
   b - Slow                           Hexes                        2
   c - Confuse                        Hexes                        3
   d - Tukima's Dance                 Hexes                        3
   e - Yara's Violent Unravelling     Hexes/Transmutation          5
   f - Shadow Creatures               Summoning                    6
Miscellaneous
 l - a fan of gales
   (You found it on level 3 of the Lair of Beasts)
Comestibles
 d - 16 bread rations {@e1}
 z - 9 fruits
 B - 8 meat rations {@e2}
 V - a royal jelly
 Z - 2 chunks of flesh {@w0}


   Skills:
 - Level 10.8 Fighting
 - Level 8.1 Short Blades
 + Level 3.4 Armour
 - Level 10.5 Dodging
 - Level 10.5 Stealth
 - Level 5.0 Shields
 - Level 14.7 Spellcasting
 - Level 5.7 Conjurations
 - Level 2.6 Charms
 + Level 8.8 Summonings
 - Level 15.0 Necromancy
 - Level 7.9 Translocations
 - Level 4.0 Fire Magic
 - Level 11.1 Ice Magic
 - Level 5.4 Air Magic
 - Level 2.4 Poison Magic


You had 2 spell levels left.
You knew the following spells:

 Your Spells              Type           Power        Failure   Level  Hunger
a - Magic Dart            Conj           ####         1%          1    None
b - Conjure Flame         Conj/Fire      #####...     1%          3    None
c - Summon Lightning Spi  Summ/Air       ######..     1%          4    None
d - Blink                 Tloc           N/A          1%          2    None
e - Summon Ice Beast      Ice/Summ       ######..     1%          4    None
f - Animate Dead          Necr           N/A          1%          4    None
g - Death Channel         Necr           #######...   1%          6    ####...
h - Summon Forest         Summ/Tloc      ######....   2%          5    #......
i - Apportation           Tloc           ######       1%          1    None
j - Shadow Creatures      Summ           N/A          11%         6    ####...
m - Sublimation of Blood  Necr           #######...   0%          2    None
r - Regeneration          Chrm/Necr      ######....   1%          3    None
x - Mephitic Cloud        Conj/Pois/Air  #####...     1%          3    None
A - Animate Skeleton      Necr           N/A          0%          1    None


Dungeon Overview and Level Annotations

Branches:
Dungeon (15/15)            Temple (1/1) D:5            Lair (6/6) D:8
  Swamp (4/4) Lair:3       Spider (4/4) Lair:2        Slime (0/5) Lair:6
    Orc (2/2) D:10            Elf (0/3) Orc:2        Vaults (3/5) D:13
  Crypt (0/3) Vaults:2     Depths (0/5) D:15

Altars:
Ashenzari
Cheibriados
Dithmenos
Elyvilon
Fedhas
Gozag
Hepliaklqana
Kikubaaqudgha
Makhleb
Nemelex Xobeh
Okawaru
Qazlal
Ru
Sif Muna
Trog
Uskayaw
Vehumet
Wu Jian
Xom
Yredelemnul
Zin
The Shining One
Beogh
Jiyva

Shops:
D:7 ?[==[   D:9 *   D:12 !   Orc:2 =:[(   Vaults:2 *   Vaults:3 ?


Innate Abilities, Weirdness & Mutations

You have a beak for a mouth.
You have claws for feet.
You can fly continuously.
You are partially covered in iridescent scales. (AC +2)
Your flesh is heat resistant. (rF+)


Message History

Your peck misses the ironheart preserver.
The ironheart preserver hits you with a morningstar!
The centaur hits something.
You take 10 damage, and have 35/113 hp.
You barely miss the ironheart preserver.
You peck the ironheart preserver, but do no damage.
Unknown command.
You hit the ironheart preserver.
The ironheart preserver writhes in agony.
You peck the ironheart preserver, but do no damage.
The entropy weaver gestures wildly while chanting.
The deep elf mage hits something with a long sword.
You hit the ironheart preserver.
The ironheart preserver writhes in agony.
You claw the ironheart preserver, but do no damage.
The centaur hits something.
Your vault guard skeleton hits the ironheart preserver with an enchanted bardiche.
Your deep elf mage zombie hits the ironheart preserver with a long sword.
You barely miss the ironheart preserver.
Your kick misses the ironheart preserver.
The ironheart preserver hits your vault guard skeleton with a morningstar.
You barely miss the ironheart preserver.
The centaur hits something.
You hit the ironheart preserver.
The ironheart preserver writhes in agony.
The deep elf mage hits something with a long sword!
You hit the ironheart preserver but do no damage.
The ironheart preserver writhes in agony.
You hit the ironheart preserver.
The ironheart preserver writhes in agony.
You claw the ironheart preserver, but do no damage.
The centaur barely misses something.
The ironheart preserver hits your deep elf mage zombie with a morningstar!
Your deep elf mage zombie is destroyed!
Your vault guard skeleton hits the ironheart preserver with an enchanted bardiche!
You hit the ironheart preserver.
The ironheart preserver writhes in agony.
Your kick misses the ironheart preserver.
You hit the ironheart preserver.
The ironheart preserver writhes in agony.
You kill the ironheart preserver!
Kikubaaqudgha accepts your kill.
A glowing mist starts to gather...
The centaur hits something but does no damage.
You puncture the entropy weaver!
The entropy weaver writhes in agony.
You claw the entropy weaver, but do no damage.
You hit the entropy weaver.
The entropy weaver writhes in agony.
You claw the entropy weaver.
You peck the entropy weaver, but do no damage.
The centaur hits something.
You hit the entropy weaver but do no damage.
The entropy weaver writhes in agony.
You block the entropy weaver's attack. The entropy weaver hits you.
You block the entropy weaver's attack. x2
You take 2 damage, and have 37/113 hp.
You hit the entropy weaver. You closely miss the entropy weaver.
Your kick misses the entropy weaver. Your peck misses the entropy weaver.
Your vault sentinel zombie hits the entropy weaver with a long sword!
Your vault guard skeleton hits the entropy weaver with an enchanted bardiche.
You block the entropy weaver's attack. The entropy weaver barely misses you.
The entropy weaver hits you!
* * * LOW HITPOINT WARNING * * *
You block the entropy weaver's attack.
You take 11 damage, and have 26/113 hp.
You hit the entropy weaver but do no damage.
Your kick misses the entropy weaver. Your peck misses the entropy weaver.
Your ironbrand convoker zombie hits the ironbrand convoker with a dire flail.
Something barely misses your ironbrand convoker zombie.
You hit the entropy weaver.
Okay, then.
You hit the entropy weaver.
You claw the entropy weaver, but do no damage.
You peck the entropy weaver, but do no damage.
You block the entropy weaver's attack.
The entropy weaver hits you but does no damage.
The entropy weaver hits you!
* * * LOW HITPOINT WARNING * * *
The entropy weaver barely misses you.
You take 11 damage, and have 16/113 hp.
Your skin crawls.
Something hits your ironbrand convoker zombie.
Your vault sentinel zombie misses the entropy weaver.
The ironbrand convoker points at the entropy weaver and mumbles some strange words.
The entropy weaver seems to grow stronger.
Something hits your ironbrand convoker zombie.
You block the entropy weaver's attack. x2; The entropy weaver misses you.
The entropy weaver completely misses you.
Your ironbrand convoker zombie hits the ironbrand convoker with a dire flail.
Your vault guard skeleton hits the entropy weaver with an enchanted bardiche!
You regained 2 hp, and now have 18/113 hp.
You now have 19/38 mp.
Aim: an entropy weaver (almost dead, unusually strong)
The burst of metal fragments hits the entropy weaver. x3
This wand has 2 charges left.
Something hits your ironbrand convoker zombie.
You block the entropy weaver's attack. The entropy weaver hits you.
* * * LOW HITPOINT WARNING * * *
You block the entropy weaver's attack. The entropy weaver hits you!!
You die...
Kikubaaqudgha rasps: "You have failed me!
Welcome... death!"

######## #.....
##......### #.....#
#...Z.....## ..♣.....♣
##.#Z.#....# ..#.....#
###Z.###(.## .'...*e# #Z.#
#...# ♣##...eW♣♣♣♣ #..#
##..# ......Oc♣Z.♣ #.(#
#..# .♣....opa@Z# #ZZ#
#..# ......Ze♣Z.## #..#
#### ...♣.(..♣.[.# #..#
........##(.###ZZ###
........##..(.#..#.##
........♣#♣....Z....#
........# #♣♣..:...##
........♣ ########
......[.##################


You could see an entropy weaver, an orc knight, a deep elf annihilator, a
two-headed ogre, an ironbrand convoker, a yaktaur, a deep elf mage, a friendly
spectral ironheart preserver, a friendly vault sentinel zombie, a friendly
ironbrand convoker zombie and a friendly vault guard skeleton.

Vanquished Creatures
  Nikola (Swamp:1)
  6 ghost moths
  An emperor scorpion (Spider:4)
  3 vault wardens
  A deep elf sorcerer (Vaults:2)
  A very ugly thing (Vaults:2)
  6 ironheart preservers
  4 entropy weavers
  4 stone giants
  A deep elf annihilator (Vaults:2)
  A vampire knight (Vaults:2)
  A spark wasp (Spider:2)
  A fire dragon (Lair:6)
  3 yaktaur captains
  5 hydras
  2 ice dragons (Vaults:2)
  3 vault guards (D:13)
  A catoblepas (Lair:5)
  3 centaur warriors
  12 two-headed ogres
  A tengu warrior (D:15)
  3 death knights
  3 ogre magi
  A deep troll earth mage (Vaults:1)
  2 alligators
  An orc high priest (Orc:2)
  2 deep elf knights
  A fire crab (shapeshifter) (Vaults:2)
  A shadow wraith (Vaults:3)
  3 skeletal warriors
  3 wizards
  7 deep trolls
  2 unseen horrors
  A phantasmal warrior (D:13)
  5 ironbrand convokers
  3 harpies (Vaults:2)
  A wolf spider zombie (D:13)
  7 ugly things
  3 lindwurms (Lair:3)
  2 swamp dragons
  5 orc knights
  A deep elf mage (Vaults:3)
  9 wolf spiders
  2 orc sorcerers
  A cyclops (Vaults:2)
  A centaur zombie (D:7)
  6 vault sentinels
  A black mamba (Lair:6)
  2 gargoyles (D:15)
  3 spiny frogs
  4 komodo dragons
  A rime drake (Lair:2)
  8 yaktaurs
  3 freezing wraiths
  A demonic crawler (Spider:1)
  2 trolls (D:13)
  2 tyrant leeches
  17 jumping spiders
  3 hornets
  A bog body (Swamp:4)
  4 blink frogs
  A polar bear (Lair:2)
  A meliai zombie (D:14)
  12 slime creatures
  2 hippogriffs
  A spriggan (shapeshifter) (Vaults:1)
  5 flying skulls (D:13)
  8 redbacks
  A vampire (D:15)
  5 tarantellas
  4 wyverns
  16 yaks
  A basilisk (D:15)
  A human simulacrum (Vaults:2)
  2 hogs (Lair:4)
  2 wargs (Vaults:2)
  A soldier ant (D:13)
  6 swamp worms
  6 insubstantial wisps
  Edmund (D:4)
  An acid dragon (Vaults:2)
  A hell hound (D:14)
  2 porcupines
  A water moccasin (Lair:4)
  3 ice beasts
  A sky beast (shapeshifter) (D:14)
  2 swamp drakes (Swamp:4)
  3 sky beasts
  8 orc warriors
  A black bear (shapeshifter) (D:14)
  A black bear (Lair:2)
  6 boggarts
  8 ogres
  10 wolves
  13 centaurs
  2 crocodiles (Lair:4)
  The ghost of drasked the Magician, an amateur DEWz (D:3)
  9 bullfrogs
  A scorpion (D:4)
  12 killer bees
  8 wights (D:9)
  2 electric eels
  3 crimson imps
  A bullfrog zombie (D:8)
  A quasit (D:8)
  6 orc priests
  A hound (D:7)
  2 jellies
  3 centaur skeletons
  Natasha (twice) (D:3)
  2 bullfrog skeletons
  An iguana (D:5)
  Terence (D:3)
  6 orc wizards
  4 worker ants
  A hound zombie (D:7)
  Robin (D:3)
  2 gnolls (D:4)
  15 adders
  3 shadow imps
  An ooze (D:4)
  An adder skeleton (D:4)
  3 leopard geckos
  30 orcs
  2 ball pythons
  6 giant cockroaches
  2 gnoll zombies (D:5)
  6 goblins (D:3)
  8 hobgoblins
  A jackal (D:1)
  7 quokkas
  7 bats
  4 frilled lizards
  14 kobolds
  2 leopard gecko skeletons
  A quokka skeleton (D:4)
  13 rats
  A plant (Lair:6)
525 creatures vanquished.

Vanquished Creatures (collateral kills)
  Arachne (Spider:3)
  Frances (Spider:1)
  Gastronok (D:9)
  Agnes (Spider:3)
  A thorn hunter (Swamp:4)
  Kirke (Lair:4)
  Roxanne (Spider:4)
  4 vault wardens
  3 emperor scorpions (Spider:4)
  2 ghost moths (Spider:4)
  Aizul (Spider:4)
  An ironheart preserver (Vaults:1)
  2 very ugly things
  3 stone giants
  6 entropy weavers
  Azrael (D:14)
  2 spark wasps (Spider:4)
  A minotaur (Lab)
  An ogre mage (Orc:2)
  The ghost of Wingboner the Transmogrifier, a journeyman DsTm of Cheibriados (D:13)
  2 rakshasas (Vaults:1)
  3 vault guards
  24 hydras
  3 ghost crabs
  12 alligators
  A deep troll shaman (Vaults:1)
  5 two-headed ogres
  2 spriggan berserkers (Swamp:4)
  A deep troll earth mage (Vaults:2)
  A vampire mage (Vaults:2)
  5 orc high priests (Orc:2)
  Nergalle (Lair:2)
  A deep elf knight (Vaults:2)
  Urug (Lair:4)
  A hell knight (D:15)
  5 spriggans
  6 skeletal warriors
  5 deep trolls
  A glowing orange brain (Vaults:2)
  An unseen horror (D:13)
  2 spriggan druids (Swamp:4)
  2 wizards
  A shambling mangrove (Swamp:4)
  An ironbrand convoker (Vaults:2)
  3 orc knights
  A lindwurm (Lair:3)
  8 swamp dragons
  4 harpies (Vaults:2)
  3 manticores
  19 orb spiders
  2 deep elf magi
  4 moths of wrath
  4 oklob plants (Lair:6)
  13 ugly things
  32 wolf spiders
  A cyclops (Vaults:1)
  9 black mambas
  A vault sentinel (Vaults:2)
  6 elephants (Lair:6)
  4 torpor snails
  A guardian serpent (Lair:6)
  13 spiny frogs
  A spiny frog (shapeshifter) (Vaults:1)
  5 demonic crawlers
  3 gargoyles
  8 rime drakes
  4 freezing wraiths
  5 komodo dragons
  A minotaur zombie (Lab)
  8 trolls
  9 yaktaurs
  A queen bee (Lair:3)
  A troll (shapeshifter) (Vaults:1)
  39 jumping spiders
  4 polar bears
  A wind drake (D:14)
  4 bog bodies
  7 tyrant leeches
  18 hornets
  20 slime creatures
  9 blink frogs
  8 hippogriffs
  A dream sheep (Lair:6)
  36 tarantellas
  83 redbacks
  A shadow (Vaults:2)
  11 flying skulls (D:13)
  2 fire elementals (D:14)
  A spriggan (shapeshifter) (Vaults:2)
  4 wraiths
  A yak (shapeshifter) (D:15)
  A tarantella (shapeshifter) (Vaults:2)
  5 hogs
  4 basilisks
  43 yaks
  9 wyverns
  2 steam dragons
  9 wargs
  A hungry ghost (D:9)
  A human (D:9)
  23 vampire mosquitoes
  8 insubstantial wisps
  A soldier ant (D:12)
  16 swamp worms
  24 water moccasins
  A hell hound (D:14)
  4 porcupines
  12 swamp drakes
  A necrophage (D:14)
  5 ice beasts
  14 orc warriors
  3 sky beasts
  8 black bears
  7 boggarts
  8 ogres
  22 wolves
  7 centaurs
  A phantom (D:5)
  10 crocodiles
  2 big kobolds
  11 bullfrogs
  4 earth elementals (Spider:3)
  A wyvern skeleton (D:13)
  3 scorpions
  4 wights
  25 killer bees
  2 electric eels
  A human simulacrum (Vaults:2)
  2 jellies
  A lava snake (Orc:2)
  2 bullfrog zombies
  2 crimson imps
  16 orc wizards
  A centaur zombie (D:7)
  Crazy Yiuf (D:4)
  3 bullfrog skeletons
  35 orc priests
  5 iguanas
  A centaur skeleton (D:11)
  Ijyb (D:4)
  4 worker ants
  Natasha (D:3)
  A hound zombie (D:11)
  A hound skeleton (D:7)
  A worker ant zombie (D:10)
  A howler monkey skeleton (D:10)
  A gnoll (D:4)
  4 adders
  A shadow imp (D:8)
  An adder skeleton (D:4)
  2 worms
  2 dart slugs
  86 orcs
  2 bats (D:3)
  A giant cockroach (D:1)
  4 goblins (D:3)
  11 hobgoblins
  7 jackals
  6 kobolds
  A quokka (D:4)
  2 ball pythons (D:1)
  2 frilled lizards
  A giant cockroach zombie (D:6)
  A leopard gecko skeleton (D:6)
  3 rats
  12 fungi
  16 plants
1094 creatures vanquished.

Vanquished Creatures (others)
  A rakshasa (Vaults:1)
  A swamp worm (Swamp:4)
  2 orc warriors
  2 killer bees (Lair:3)
  3 white imps (IceCv)
  4 ufetubi (IceCv)
  3 briar patches (Swamp:4)
  22 fungi
  21 plants
  10 snaplasher vines
  A withered plant (D:7)
70 creatures vanquished.

Grand Total: 1689 creatures vanquished

Notes
Turn   | Place    | Note
-------+----------+-------------------------------------------
     0 | D:1      | grisnicke the Tengu Wizard began the quest for the Orb.
     0 | D:1      | Reached XP level 1. HP: 10/10 MP: 5/5
   244 | D:1      | Found a shattered altar of Ashenzari.
   388 | D:1      | Reached skill level 2 in Conjurations
   671 | D:1      | Reached XP level 2. HP: 15/15 MP: 4/7
   675 | D:1      | Learned a level 2 spell: Call Imp
  1042 | D:1      | Reached skill level 2 in Summonings
  1538 | D:1      | Reached XP level 3. HP: 19/19 MP: 1/8
  1671 | D:1      | Learned a level 3 spell: Conjure Flame
  1674 | D:1      | Learned a level 2 spell: Blink
  2093 | D:1      | Reached skill level 1 in Fire Magic
  2657 | D:2      | Reached XP level 4. HP: 22/24 MP: 4/9
  2807 | D:2      | Reached skill level 3 in Conjurations
  2809 | D:2      | Found an opulent altar of Gozag.
  2954 | D:2      | Found a burning altar of Makhleb.
  2977 | D:2      | Found a deep blue altar of Sif Muna.
  3072 | D:2      | HP: 6/24 [adder (5)]
  3074 | D:2      | Reached skill level 2 in Fire Magic
  3320 | D:3      | Noticed Terence
  3374 | D:3      | Noticed Robin
  3556 | D:3      | Noticed drasked's ghost (amateur DEWz)
  4078 | D:2      | Reached skill level 4 in Conjurations
  4181 | D:3      | Gained mutation: You can fly. [Tengu growth]
  4181 | D:3      | Reached XP level 5. HP: 28/28 MP: 3/10
  4522 | D:3      | Noticed Natasha
  4533 | D:3      | Killed Natasha
  4751 | D:2      | HP: 7/28 [poisoned by drasked's ghost]
  5060 | D:4      | Reached skill level 5 in Conjurations
  5081 | D:4      | Noticed Ijyb
  5393 | D:4      | Reached skill level 3 in Summonings
  5465 | D:4      | Noticed Edmund
  5645 | D:4      | Reached XP level 6. HP: 32/32 MP: 4/12
  5795 | D:4      | Killed Ijyb
  6104 | D:4      | Learned a level 3 spell: Mephitic Cloud
  6105 | D:5      | Entered Level 5 of the Dungeon
  6105 | D:5      | Noticed a phantom
  6141 | D:5      | Killed a phantom
  6141 | D:5      | Reached skill level 4 in Summonings
  6227 | D:5      | Reached skill level 2 in Air Magic
  6227 | D:5      | Reached XP level 7. HP: 36/36 MP: 10/13
  6267 | D:5      | Reached skill level 3 in Air Magic
  6487 | D:5      | Found a glowing golden altar of the Shining One.
  6487 | D:5      | Found a radiant altar of Vehumet.
  6487 | D:5      | Found a sacrificial altar of Ru.
  6489 | D:5      | Found a blossoming altar of Fedhas.
  6547 | D:5      | Found a hide-covered altar of Uskayaw.
  6605 | D:5      | Found a staircase to the Ecumenical Temple.
  6619 | Temple   | Entered the Ecumenical Temple
  6762 | D:5      | Found a white marble altar of Elyvilon.
  6889 | D:5      | Found a basalt altar of Yredelemnul.
  7060 | D:5      | Reached skill level 4 in Air Magic
  7269 | D:5      | Reached skill level 5 in Air Magic
  7347 | D:5      | Reached skill level 1 in Fighting
  7691 | D:6      | Reached skill level 3 in Fire Magic
  7699 | D:6      | Reached skill level 2 in Fighting
  7942 | D:6      | Reached XP level 8. HP: 23/45 MP: 6/14
  8123 | D:6      | Reached skill level 4 in Fire Magic
  8339 | D:6      | Reached skill level 3 in Fighting
  8342 | D:6      | Reached skill level 1 in Poison Magic
  8486 | D:7      | Found Meungue's Jewellery Shoppe.
  8513 | D:7      | Found Zook's Jewellery Shop.
  8523 | D:7      | Bought an uncursed ring of poison resistance for 200 gold pieces
  8601 | D:7      | Found a hazy altar of Hepliaklqana.
  8704 | D:7      | Found Pohijiucha's Armour Shop.
  8915 | D:7      | Reached skill level 2 in Poison Magic
  8928 | D:7      | Reached skill level 4 in Fighting
  8952 | D:7      | Reached skill level 4 in Spellcasting
  8985 | D:7      | Found an ornate altar of the Wu Jian Council.
  9070 | D:7      | Reached skill level 5 in Summonings
  9105 | D:7      | Found Teklous's Magic Scroll Shoppe.
  9170 | D:7      | Reached skill level 1 in Translocations
  9226 | D:7      | Reached skill level 2 in Translocations
  9496 | D:7      | Reached skill level 5 in Spellcasting
  9496 | D:7      | Reached skill level 3 in Translocations
  9496 | D:7      | Reached XP level 9. HP: 45/52 MP: 10/18
  9519 | D:7      | HP: 13/52 [orc priest/divine providence (10)]
  9523 | D:7      | HP: 2/52 [orc priest/divine providence (12)]
  9881 | D:7      | Reached skill level 3 in Dodging
  9895 | D:7      | Reached skill level 3 in Stealth
 10060 | D:7      | Reached skill level 4 in Dodging
 10255 | D:3      | Killed Terence
 10291 | D:3      | Killed drasked's ghost
 10300 | D:3      | Noticed Natasha
 10308 | D:3      | Killed Natasha
 10554 | D:3      | Noticed Natasha
 10568 | D:3      | Killed Natasha
 10644 | D:3      | Killed Robin
 10728 | D:4      | Killed Edmund
 10728 | D:4      | Reached skill level 5 in Dodging
 10813 | D:4      | Found a runed door.
 10819 | D:4      | Noticed Crazy Yiuf
 10827 | D:4      | Killed Crazy Yiuf
 10958 | D:7      | HP: 4/52 [centaur/arrow (15)]
 10964 | D:7      | Reached skill level 6 in Dodging
 11283 | D:7      | Found an ancient bone altar of Kikubaaqudgha.
 11291 | D:7      | Became a worshipper of Kikubaaqudgha
 11315 | D:7      | Found Curr's Armour Boutique.
 11402 | D:7      | Bought a +0 buckler for 58 gold pieces
 11544 | D:7      | Reached skill level 1 in Shields
 11736 | D:7      | Bought a scroll of teleportation for 48 gold pieces
 11970 | D:8      | Reached skill level 2 in Shields
 12063 | D:8      | Reached skill level 3 in Shields
 12204 | D:7      | Reached XP level 10. HP: 49/57 MP: 10/19
 12212 | D:7      | Reached skill level 4 in Shields
 12365 | D:8      | Reached skill level 5 in Shields
 12612 | D:8      | Found a staircase to the Lair.
 12645 | D:8      | Reached skill level 6 in Spellcasting
 12797 | D:8      | Reached skill level 5 in Fighting
 12856 | D:9      | Found Vitreatu's Serpentskin Sales.
 12862 | D:9      | Reached * piety under Kikubaaqudgha
 12862 | D:9      | Identified Kikubaaqudgha's Handbook of Darkness (Kikubaaqudgha gifted it to you on level 9 of the Dungeon)
 12862 | D:9      | Received a gift from Kikubaaqudgha
 12866 | D:9      | Learned a level 1 spell: Animate Skeleton
 12871 | D:9      | Learned a level 3 spell: Regeneration
 12874 | D:9      | Learned a level 2 spell: Sublimation of Blood
 12876 | D:9      | Noticed Gastronok
 13155 | D:9      | Reached skill level 1 in Necromancy
 13169 | D:9      | HP: 10/59 [Gastronok/the air (15)]
 13699 | D:9      | Reached skill level 2 in Necromancy
 13944 | D:9      | Reached skill level 3 in Necromancy
 14595 | D:10     | Entered Level 10 of the Dungeon
 14690 | Lair:1   | Entered Level 1 of the Lair of Beasts
 14714 | Lair:1   | Reached skill level 4 in Necromancy
 14731 | Lair:1   | HP: 14/59 [water moccasin (5)]
 15000 | Lair:1   | Reached ** piety under Kikubaaqudgha
 15000 | Lair:1   | Reached skill level 5 in Necromancy
 15107 | Lair:1   | Learned a level 4 spell: Summon Ice Beast
 15279 | Lair:1   | Reached skill level 1 in Ice Magic
 15563 | Lair:1   | Reached skill level 2 in Ice Magic
 15581 | Lair:1   | Noticed a spiny frog
 15589 | Lair:1   | Killed a spiny frog
 15589 | Lair:1   | Reached skill level 3 in Ice Magic
 15879 | Lair:2   | Reached skill level 4 in Ice Magic
 15888 | Lair:2   | HP: 7/59 [rime drake/flash freeze (16)]
 16180 | Lair:2   | Reached XP level 11. HP: 63/63 MP: 10/21
 16185 | Lair:2   | Reached skill level 5 in Ice Magic
 16253 | Lair:2   | Noticed a seven-headed hydra
 16663 | Lair:2   | Reached skill level 6 in Summonings
 16737 | Lair:2   | Killed a seven-headed hydra
 16737 | Lair:2   | Reached skill level 7 in Summonings
 16842 | Lair:2   | Noticed a wolf spider
 16847 | Lair:2   | Killed a wolf spider
 16848 | Lair:2   | Reached skill level 8 in Summonings
 16860 | Lair:2   | Found a hole to the Spider Nest.
 16918 | Lair:2   | Reached *** piety under Kikubaaqudgha
 16918 | Lair:2   | Identified Kikubaaqudgha's Papyrus of Dark Magic (Kikubaaqudgha gifted it to you on level 2 of the Lair of Beasts)
 16918 | Lair:2   | Received a gift from Kikubaaqudgha
 17146 | Lair:2   | Reached skill level 7 in Spellcasting
 17438 | Lair:2   | Noticed Nergalle
 17787 | Lair:3   | Learned a level 4 spell: Animate Dead
 17812 | Lair:3   | Found a radiant altar of Vehumet.
 17868 | Lair:3   | Reached skill level 1 in Charms
 17906 | Lair:3   | Found a staircase to the Swamp.
 18049 | Lair:3   | Noticed a lindwurm
 18291 | Lair:3   | Noticed a lindwurm
 18397 | Lair:3   | Noticed a lindwurm
 18440 | Lair:4   | Reached skill level 8 in Spellcasting
 18544 | Lair:4   | Reached skill level 2 in Charms
 18574 | Lair:4   | Noticed Urug
 18598 | Lair:4   | Killed Urug
 18599 | Lair:4   | HP: 11/63 [black mamba (13)]
 18848 | Lair:4   | Noticed a four-headed hydra
 18857 | Lair:4   | Killed a four-headed hydra
 18857 | Lair:4   | Reached skill level 6 in Necromancy
 18968 | Lair:4   | Reached XP level 12. HP: 68/68 MP: 12/25
 19510 | Lair:5   | Reached skill level 7 in Necromancy
 19531 | Lair:5   | Gained mutation: Your body sometimes deteriorates upon taking damage. [potion of mutation]
 19531 | Lair:5   | Gained mutation: You have a pair of small antennae on your head. [potion of mutation]
 19531 | Lair:5   | Gained mutation: Armour fits poorly on your strangely shaped body. [potion of mutation]
 19531 | Lair:5   | Gained mutation: You are somewhat resistant to further mutation. [potion of mutation]
 19532 | Lair:5   | Lost mutation: Your body sometimes deteriorates upon taking damage. [potion of mutation]
 19532 | Lair:5   | Lost mutation: Armour fits poorly on your strangely shaped body. [potion of mutation]
 19532 | Lair:5   | Lost mutation: You have a pair of small antennae on your head. [potion of mutation]
 19532 | Lair:5   | Lost mutation: You are somewhat resistant to further mutation. [potion of mutation]
 19532 | Lair:5   | Gained mutation: Your flesh is heat resistant. (rF+) [potion of mutation]
 19532 | Lair:5   | Gained mutation: You are partially covered in iridescent scales. (AC +2) [potion of mutation]
 19755 | Lair:5   | Noticed a catoblepas
 19830 | Lair:5   | HP: 13/68 [rime drake/flash freeze (16)]
 19831 | Lair:5   | HP: 2/68 [something/blast of calcifying dust (12)]
 19842 | Lair:5   | HP: 7/68 [something/blast of calcifying dust (1)]
 20128 | Lair:5   | Got a twisted trident
 20129 | Lair:5   | Identified the +5 trident of Mandamus {freeze, Dex+2} (You found it on level 5 of the Lair of Beasts)
 20177 | Lair:5   | Noticed a seven-headed hydra
 20380 | D:7      | Bought the +3 crown of Dyrovepreva {rElec Int+2 SInv} for 538 gold pieces
 20578 | Lair:3   | Reached skill level 8 in Necromancy
 20633 | Lair:3   | Reached **** piety under Kikubaaqudgha
 20953 | Lair:3   | Reached skill level 9 in Necromancy
 21068 | Lair:3   | Reached ***** piety under Kikubaaqudgha
 21255 | Lair:5   | Killed a catoblepas
 21278 | Lair:5   | Killed a seven-headed hydra
 21278 | Lair:5   | Reached skill level 6 in Ice Magic
 21309 | Lair:5   | Noticed an eight-headed hydra
 21321 | Lair:5   | Killed an eight-headed hydra
 21401 | Lair:5   | Noticed a five-headed hydra
 21408 | Lair:5   | Killed a five-headed hydra
 21594 | Lair:6   | Entered Level 6 of the Lair of Beasts
 21691 | Lair:6   | Reached skill level 7 in Ice Magic
 21795 | Lair:6   | Reached skill level 6 in Fighting
 21961 | Lair:6   | Reached skill level 9 in Spellcasting
 22050 | Lair:6   | Reached XP level 13. HP: 76/76 MP: 27/27
 22053 | Lair:6   | Reached skill level 7 in Fighting
 22338 | Lair:6   | Learned a level 6 spell: Simulacrum
 22361 | Lair:6   | Found a staircase to the Slime Pits.
 22361 | Lair:6   | Found a viscous altar of Jiyva.
 22756 | Lair:6   | Reached skill level 10 in Necromancy
 22804 | Lair:6   | HP: 19/78 [poisoned by a wolf spider]
 23093 | Lair:6   | Reached ****** piety under Kikubaaqudgha
 23196 | Lair:6   | Noticed a fire dragon
 23209 | Lair:6   | Killed a fire dragon
 23588 | Lair:2   | Killed Nergalle
 23897 | D:9      | Killed Gastronok
 23897 | D:9      | Reached skill level 8 in Fighting
 24170 | D:7      | Bought an uncursed ring of protection from magic for 250 gold pieces
 24613 | D:10     | Found a staircase to the Orcish Mines.
 25106 | D:11     | Found a frozen archway.
 25125 | IceCv    | Entered an ice cave
 26321 | D:12     | Reached skill level 8 in Ice Magic
 26365 | D:12     | Found a labyrinth entrance.
 26386 | Lab      | Entered a labyrinth
 26456 | Lab      | Noticed a minotaur
 26463 | Lab      | Killed a minotaur
 26466 | Lab      | Got a shimmering ring mail
 26863 | D:12     | Found Ruchi's Distillery.
 27802 | D:13     | Noticed Wingboner's ghost (journeyman DsTm)
 27835 | D:13     | Reached skill level 9 in Ice Magic
 28108 | D:13     | Reached skill level 11 in Necromancy
 28108 | D:13     | Gained mutation: You can fly continuously. [Tengu growth]
 28108 | D:13     | Reached XP level 14. HP: 83/84 MP: 28/28
 28148 | D:13     | Found a gate to the Vaults.
 28213 | D:12     | Upgraded the game from 0.21-a0-143-g1ab7d47 to 0.21-a0-150-gc243083
 28236 | D:12     | Identified the +4 ring mail "Tecvah" {rElec rCorr Dex+2} (You found it in a labyrinth)
 28443 | Orc:1    | Entered Level 1 of the Orcish Mines
 28899 | Orc:2    | Entered Level 2 of the Orcish Mines
 28954 | Orc:2    | Found a staircase to the Elven Halls.
 29068 | Orc:2    | Reached skill level 12 in Necromancy
 29213 | Orc:2    | Found a bloodstained altar of Trog.
 29379 | Orc:2    | HP: 19/84 [burnt (3)]
 29697 | Orc:2    | HP: 19/84 [orange demon[an orc high priest] (4)]
 29740 | Orc:2    | Found a roughly hewn altar of Beogh.
 29831 | Orc:2    | HP: 21/84 [orc priest/divine providence (11)]
 29841 | Orc:2    | Found Acucu's Jewellery Shop.
 29841 | Orc:2    | Found Qoqaogru's Book Shoppe.
 29887 | Orc:2    | Found Gouqec's Armour Shop.
 29887 | Orc:2    | Found Geyfoheosy's Antique Weapon Shoppe.
 31004 | Orc:2    | Identified a +7 quick blade of pain (a +5 quick blade bloodied by Kikubaaqudgha)
 31004 | Orc:2    | Received a gift from Kikubaaqudgha
 31044 | Orc:2    | Bought the ring "Sosymykk" {rCorr rPois rC+ Stlth+} for 533 gold pieces
 31101 | Orc:2    | Bought a scarf of repulsion for 180 gold pieces
 31111 | Orc:2    | Bought the +3 buckler of Atheism {rElec rF+} for 607 gold pieces
 31389 | D:12     | Reached skill level 13 in Necromancy
 31396 | D:12     | Reached skill level 7 in Dodging
 31601 | D:7      | Bought a scroll of identify for 32 gold pieces
 31601 | D:7      | Bought a scroll of identify for 32 gold pieces
 31827 | Lair:3   | Got a glittering amber ring
 31841 | Lair:3   | Identified the ring "Ydoniace" {Fire rN+ Int+3 Dex-3} (You found it on level 3 of the Lair of Beasts)
 31928 | Lair:4   | Noticed Kirke
 31940 | Lair:4   | Killed Kirke
 32013 | Swamp:1  | Entered Level 1 of the Swamp
 32248 | Swamp:1  | Noticed Nikola
 32267 | Swamp:1  | Killed Nikola
 32360 | Swamp:1  | Reached skill level 14 in Necromancy
 32380 | Swamp:1  | Reached skill level 8 in Dodging
 32824 | Swamp:1  | HP: 17/84 [insubstantial wisp (10)]
 33150 | Swamp:2  | Found a hide-covered altar of Uskayaw.
 33320 | Swamp:2  | HP: 16/84 [enormous slime creature (56)]
 33340 | Swamp:2  | Reached XP level 15. HP: 35/89 MP: 12/29
 33664 | Swamp:2  | Reached skill level 9 in Dodging
 33965 | Swamp:3  | Reached skill level 15 in Necromancy
 34500 | Lair:1   | Learned a level 4 spell: Summon Lightning Spire
 34630 | Swamp:3  | Got an encrusted hand axe
 35084 | Swamp:4  | Entered Level 4 of the Swamp
 35084 | Swamp:4  | Noticed a thorn hunter
 35232 | Swamp:4  | Reached skill level 10 in Ice Magic
 35283 | Swamp:4  | Reached skill level 10 in Dodging
 35443 | Swamp:4  | Got a decaying rune of Zot
 35571 | Swamp:4  | Killed a thorn hunter
 36094 | Swamp:4  | Reached skill level 11 in Ice Magic
 36458 | Spider:1 | Entered Level 1 of the Spider Nest
 37015 | Spider:1 | Reached skill level 10 in Spellcasting
 37309 | Spider:1 | Reached skill level 9 in Fighting
 37538 | Spider:1 | Noticed a ghost moth
 37557 | Spider:1 | Killed a ghost moth
 37564 | Spider:1 | Reached XP level 16. HP: 43/96 MP: 1/31
 37836 | Spider:1 | Noticed Frances
 37843 | Spider:1 | Killed Frances
 38069 | Spider:2 | Reached skill level 11 in Spellcasting
 38902 | Lair:1   | Learned a level 6 spell: Death Channel
 38908 | Lair:1   | Learned a level 5 spell: Summon Forest
 39057 | Spider:2 | Reached skill level 10 in Fighting
 39509 | Spider:3 | Noticed Agnes
 39677 | Spider:3 | Reached skill level 4 in Translocations
 39807 | Spider:3 | Killed Agnes
 40035 | Spider:3 | Noticed Arachne
 40049 | Spider:3 | Killed Arachne
 40049 | Spider:3 | Reached skill level 5 in Translocations
 40639 | Spider:4 | Entered Level 4 of the Spider Nest
 40786 | Spider:3 | p0werm0de: hey0
 41111 | Spider:4 | Reached skill level 12 in Spellcasting
 41114 | Spider:4 | Noticed Mara
 41377 | Spider:3 | grisnicke: hey
 41454 | Spider:4 | Reached skill level 6 in Translocations
 41495 | Spider:4 | Noticed Aizul
 41519 | Spider:4 | Killed Aizul
 41714 | Spider:4 | Noticed Roxanne
 41745 | Spider:4 | Killed Roxanne
 41760 | Spider:4 | Identified Roxanne's Handbook of Earth (You took it off Roxanne on level 4 of the Spider Nest)
 41900 | Spider:4 | Reached XP level 17. HP: 97/104 MP: 18/34
 41928 | Spider:4 | Reached skill level 7 in Translocations
 42504 | Spider:4 | Got a gossamer rune of Zot
 42776 | Lair:2   | Upgraded the game from 0.21-a0-150-gc243083 to 0.21-a0-153-g78480df
 42885 | Lair:1   | Learned a level 1 spell: Apportation
 43062 | D:13     | Killed Wingboner's ghost
 43393 | D:13     | Reached skill level 1 in Short Blades
 43616 | D:13     | Reached skill level 2 in Short Blades
 43616 | D:13     | Reached skill level 4 in Stealth
 44026 | D:13     | Reached skill level 3 in Short Blades
 44107 | D:14     | Noticed Nessos
 44262 | D:14     | Noticed Nessos
 44262 | D:14     | Nessos changed into Nessos the wind drake
 44268 | D:14     | Killed Nessos the wind drake
 44404 | D:14     | Noticed Azrael
 44420 | D:14     | Killed Azrael
 44461 | D:14     | Reached skill level 4 in Short Blades
 44501 | D:14     | Reached skill level 5 in Stealth
 45161 | D:15     | Entered Level 15 of the Dungeon
 45385 | D:15     | Found a staircase to the Depths.
 45458 | D:15     | Reached skill level 5 in Short Blades
 45983 | D:15     | Reached skill level 13 in Spellcasting
 46388 | Vaults:1 | Entered Level 1 of the Vaults
 46677 | Vaults:1 | Reached skill level 6 in Stealth
 46787 | Vaults:1 | Reached skill level 6 in Short Blades
 46915 | Vaults:1 | Got an ichor-stained spear
 47257 | Vaults:1 | Reached skill level 7 in Stealth
 47362 | Vaults:1 | Reached XP level 18. HP: 96/108 MP: 36/36
 47381 | Vaults:1 | Reached skill level 7 in Short Blades
 47884 | Vaults:2 | Found a staircase to the Crypt.
 47916 | Vaults:2 | Identified a scroll of acquirement
 47920 | Vaults:2 | Got a steaming large shield
 47921 | Vaults:2 | Identified the +2 large shield of Mumblety Peg {Regen+ Int+2 SInv Stlth+} (You acquired it on level 2 of the Vaults)
 47978 | Vaults:2 | Reached skill level 8 in Short Blades
 47995 | Vaults:2 | Reached skill level 8 in Stealth
 48438 | Vaults:2 | Reached skill level 9 in Stealth
 48442 | Vaults:2 | Reached skill level 14 in Spellcasting
 49169 | Vaults:2 | Found Fubun's Assorted Antiques.
 49173 | Vaults:2 | Bought a colourful book for 510 gold pieces
 49173 | Vaults:2 | Identified the Almanac of the Escort and Bewitchment (You bought it in a shop on level 2 of the Vaults)
 49173 | Vaults:2 | Bought a scroll of teleportation for 102 gold pieces
 49443 | Vaults:2 | Reached skill level 10 in Stealth
 49803 | Vaults:3 | Reached skill level 1 in Armour
 49954 | Vaults:3 | Reached skill level 2 in Armour
 49979 | Vaults:3 | Found Wosmafal's Magic Scroll Shoppe.
 49987 | Vaults:3 | Bought a scroll of blinking for 112 gold pieces
 50221 | Vaults:3 | Learned a level 6 spell: Shadow Creatures
 50291 | Vaults:3 | Reached skill level 3 in Armour
 50301 | Vaults:3 | Reached XP level 19. HP: 49/113 MP: 26/38
 50325 | Vaults:3 | HP: 26/113 [entropy weaver (11)]
 50330 | Vaults:3 | HP: 15/113 [entropy weaver (4)]
 50330 | Vaults:3 | Slain by an entropy weaver

Vault maps used:
D:1:      dpeg_arrival_tiny_i, corexii_item_surrounded_by_moat,
          nicolae_ashenzari_panopticon
D:2:      lemuel_blue_sif_altar, lemuel_round_altar, grunt_gozag_breadcrumbs
D:3:      first_bread, eino_tiny_chamber, uniq_robin, uniq_terence, uniq_natasha
D:4:      uniq_ijyb, uniq_crazy_yiuf_cottage, uniq_edmund
D:5:      lemuel_crystal_altar, kennysheep_mini_moat, minitemple,
          lemuel_zombie_altar_yredelemnul, minmay_temple_entry_large_hall,
          minivault_5
D:7:      kiku_gazebo_garden_becter, lemuel_doored_altar,
          nicolae_overflow_crystal_walls, serial_shops, shop, shop_fountains,
          shop_statue, shop_coins, shop_statue
D:8:      grunt_lair_entry_orc_guard_hut
D:9:      grunt_livestock, guppyfry_shop_venom, uniq_gastronok
D:10:     minmay_orc_entry_guard_dogs
D:11:     lemuel_troll_bridge, portal_ice_cave_entry_pillars_1, centaur_isle
D:12:     lab_entry_generic, serial_shops, kennysheep_mini
D:13:     lightli_vaults_fourway_checkpoint, minmay_guarded_unrand_skullcrusher
D:14:     roderic_lattice_a, uniq_nessos, uniq_azrael
D:15:     hangedman_depths_entry_civil_slaughter, grunt_decor_mini_mirrors
Temple:   dpeg_three_leaves_temple
Lair:1:   grunt_megastairs_3
Lair:2:   beast_lair_carwin_large_3, spider_nest_entry_funnel_web, uniq_nergalle
Lair:3:   regret_index_combs_of_tragedy, swamp_mist_pool, basic_altar,
          minmay_lindwurm_lava
Lair:4:   minivault_25, uniq_kirke, uniq_urug
Lair:6:   hangedman_lair_tendril_chambers, guppyfry_lair_end_dragon,
          slime_altar_1, minmay_lair_oklob_chamber, lemuel_fruit_tree
Swamp:1:  evilmike_swamp_ruin_house_6, uniq_nikola
Swamp:2:  basic_altar
Swamp:3:  infiniplex_staircase_pool
Swamp:4:  swamp_basic_johnstein
Spider:1: nicolae_spider_hall_of_the_moth_king, uniq_frances
Spider:2: nicolae_spider_cling_halls, nicolae_spider_cling_ruins
Spider:3: hangedman_stitches_earthworm, uniq_agnes, uniq_arachne
Spider:4: spider_rune_water, uniq_aizul, uniq_roxanne, uniq_mara
Orc:1:    cheibrodos_orc_bank
Orc:2:    st_orc_town, nicolae_orc_lava_tube, trog_book
Vaults:1: grunt_vaults_swirl, ontoclasm_vaults_pinch,
          nicolae_vaults_sealed_display, v_misc_22, v_misc_1,
          hangedman_vaults_corner, ontoclasm_vaults_hangar,
          ontoclasm_vaults_spin, v_rooms_3, v_misc_13, nicolae_vaults_murderbox
Vaults:2: minmay_crypt_entry_simple_sparse, nicolae_vaults_network_quincunx,
          nicolae_vaults_big_ls, vaults_mumra_hexcomb,
          nicolae_vaults_border_crossing, nicolae_vaults_network_s, v_pattern_1,
          nicolae_vaults_angled_halls, grunt_vaults_diagonal, vaults_dpeg_hooks,
          nicolae_vaults_little_ls, serial_shops, shop
Vaults:3: nicolae_vaults_network_star, ontoclasm_vaults_ring_large,
          vaults_room_fours, vaults_room_grid, v_pattern_5, v_misc_15,
          ontoclasm_vaults_decontamination, serial_shops, shop_fountains,
          uniq_boris
Lab:      labyrinth_hidden_loot
IceCv:    ice_cave_small_demon

Skill      XL: |  1  2  3  4  5  6  7  8  9 10 11 12 13 14 15 16 17 18 |
---------------+-------------------------------------------------------+-----
Conjurations   | 2 4 5 |  5.7
Summonings     | 2 3 4 5 8 |  8.8
Fire Magic     | 1 2 3 4 |  4.0
Air Magic      | 2 5 |  5.4
Fighting       | 2 4 5 6 8 9 10 | 10.8
Poison Magic   | 2 |  2.4
Spellcasting   | 5 6 8 9 10 12 13 14 | 14.7
Translocations | 3 6 7 |  7.9
Dodging        | 6 8 10 | 10.5
Stealth        | 3 7 10 | 10.5
Shields        | 3 5 |  5.0
Necromancy     | 5 6 9 11 14 15 | 15.0
Ice Magic      | 4 5 7 9 11 | 11.1
Charms         | 2 |  2.6
Short Blades   | 6 8 |  8.1
Armour         | 3 |  3.4

Action                   |  1- 3 |  4- 6 |  7- 9 | 10-12 | 13-15 | 16-18 | 19-21 || total
-------------------------+-------+-------+-------+-------+-------+-------+-------++-------
Melee: Unarmed           |     5 |       |       |       |       |       |       ||     5
       Peck              |     4 |    14 |    25 |    22 |    46 |   182 |     4 ||   297
       Short sword       |    22 |    23 |       |       |       |       |       ||    45
       Club              |     2 |     7 |       |       |       |       |       ||     9
       Kick              |     3 |    16 |    35 |    31 |   104 |   256 |     6 ||   451
       Spear             |       |    75 |   310 |   339 |       |       |       ||   724
       Dagger            |       |       |     7 |     1 |       |       |       ||     8
       Trident           |       |       |       |   117 |   155 |       |       ||   272
       Staff             |       |       |       |       |     3 |       |       ||     3
       Quick blade       |       |       |       |       |   346 |  1201 |    19 ||  1566
 Fire: Hunting sling     |       |    30 |    17 |       |       |       |       ||    47
       Blowgun           |       |       |       |     6 |       |       |       ||     6
Throw: Stone             |     5 |     6 |    10 |     3 |       |       |       ||    24
       Tomahawk          |       |       |       |     4 |       |       |       ||     4
 Cast: Magic Dart        |    64 |    15 |    14 |    33 |     6 |     1 |       ||   133
       Call Imp          |    23 |    70 |    95 |    55 |       |       |       ||   243
       Conjure Flame     |       |     2 |    17 |    20 |     1 |       |       ||    40
       Mephitic Cloud    |       |       |    23 |    19 |    20 |       |       ||    62
       Animate Skeleton  |       |       |       |    51 |    38 |    26 |       ||   115
       Summon Ice Beast  |       |       |       |   153 |   551 |    51 |       ||   755
       Sublimation of Bl |       |       |       |    58 |   147 |    70 |       ||   275
       Regeneration      |       |       |       |    27 |   133 |    97 |     2 ||   259
       Animate Dead      |       |       |       |    29 |    99 |   103 |     1 ||   232
       Simulacrum        |       |       |       |       |    33 |     3 |       ||    36
       Blink             |       |       |       |       |     1 |     3 |       ||     4
       Summon Lightning  |       |       |       |       |    28 |   121 |       ||   149
       Death Channel     |       |       |       |       |       |    41 |       ||    41
       Summon Forest     |       |       |       |       |       |    34 |       ||    34
Invok: Receive Corpses   |       |       |       |     7 |    24 |     4 |       ||    35
       Brand Weapon With |       |       |       |       |     1 |       |       ||     1
 Abil: Fly               |       |       |       |       |     6 |       |       ||     6
Evoke: Wand              |       |       |     2 |     3 |     7 |    14 |     1 ||    27
  Use: Scroll            |     3 |     7 |    11 |    10 |    20 |    11 |       ||    62
       Potion            |       |     1 |     2 |     2 |     6 |     1 |       ||    12
 Stab: Distracted        |       |     4 |     3 |     3 |    10 |    26 |       ||    46
       Sleeping          |       |     1 |     1 |     2 |     3 |    20 |       ||    27
       Confused          |       |       |     8 |     5 |     6 |       |       ||    19
       Paralysed         |       |       |       |     5 |       |       |       ||     5
  Eat: Chunk             |     6 |    13 |     9 |    26 |    39 |    35 |       ||   128
       Royal jelly       |       |       |     2 |     2 |     7 |     5 |       ||    16
       Meat ration       |       |       |     2 |     2 |     2 |     2 |       ||     8
       Fruit             |       |       |       |     4 |     9 |     3 |       ||    16
       Bread ration      |       |       |       |     1 |     1 |       |       ||     2
Armor: Robe              |    17 |    32 |    73 |    46 |   140 |    98 |     1 ||   407
       Steam dragon scal |       |       |       |       |    19 |       |       ||    19
Dodge: Dodged            |    18 |    62 |   124 |   149 |   481 |   449 |     4 ||  1287
       Deflected         |       |       |       |       |     5 |    13 |       ||    18
Block: Buckler           |       |       |     5 |    67 |   352 |   523 |    12 ||   959
       Reflection        |       |       |       |       |     1 |    21 |     1 ||    23

Vault maps used:
D:1:      dpeg_arrival_tiny_i, corexii_item_surrounded_by_moat,
          nicolae_ashenzari_panopticon
D:2:      lemuel_blue_sif_altar, lemuel_round_altar, grunt_gozag_breadcrumbs
D:3:      first_bread, eino_tiny_chamber, uniq_robin, uniq_terence, uniq_natasha
D:4:      uniq_ijyb, uniq_crazy_yiuf_cottage, uniq_edmund
D:5:      lemuel_crystal_altar, kennysheep_mini_moat, minitemple,
          lemuel_zombie_altar_yredelemnul, minmay_temple_entry_large_hall,
          minivault_5
D:7:      kiku_gazebo_garden_becter, lemuel_doored_altar,
          nicolae_overflow_crystal_walls, serial_shops, shop, shop_fountains,
          shop_statue, shop_coins, shop_statue
D:8:      grunt_lair_entry_orc_guard_hut
D:9:      grunt_livestock, guppyfry_shop_venom, uniq_gastronok
D:10:     minmay_orc_entry_guard_dogs
D:11:     lemuel_troll_bridge, portal_ice_cave_entry_pillars_1, centaur_isle
D:12:     lab_entry_generic, serial_shops, kennysheep_mini
D:13:     lightli_vaults_fourway_checkpoint, minmay_guarded_unrand_skullcrusher
D:14:     roderic_lattice_a, uniq_nessos, uniq_azrael
D:15:     hangedman_depths_entry_civil_slaughter, grunt_decor_mini_mirrors
Temple:   dpeg_three_leaves_temple
Lair:1:   grunt_megastairs_3
Lair:2:   beast_lair_carwin_large_3, spider_nest_entry_funnel_web, uniq_nergalle
Lair:3:   regret_index_combs_of_tragedy, swamp_mist_pool, basic_altar,
          minmay_lindwurm_lava
Lair:4:   minivault_25, uniq_kirke, uniq_urug
Lair:6:   hangedman_lair_tendril_chambers, guppyfry_lair_end_dragon,
          slime_altar_1, minmay_lair_oklob_chamber, lemuel_fruit_tree
Swamp:1:  evilmike_swamp_ruin_house_6, uniq_nikola
Swamp:2:  basic_altar
Swamp:3:  infiniplex_staircase_pool
Swamp:4:  swamp_basic_johnstein
Spider:1: nicolae_spider_hall_of_the_moth_king, uniq_frances
Spider:2: nicolae_spider_cling_halls, nicolae_spider_cling_ruins
Spider:3: hangedman_stitches_earthworm, uniq_agnes, uniq_arachne
Spider:4: spider_rune_water, uniq_aizul, uniq_roxanne, uniq_mara
Orc:1:    cheibrodos_orc_bank
Orc:2:    st_orc_town, nicolae_orc_lava_tube, trog_book
Vaults:1: grunt_vaults_swirl, ontoclasm_vaults_pinch,
          nicolae_vaults_sealed_display, v_misc_22, v_misc_1,
          hangedman_vaults_corner, ontoclasm_vaults_hangar,
          ontoclasm_vaults_spin, v_rooms_3, v_misc_13, nicolae_vaults_murderbox
Vaults:2: minmay_crypt_entry_simple_sparse, nicolae_vaults_network_quincunx,
          nicolae_vaults_big_ls, vaults_mumra_hexcomb,
          nicolae_vaults_border_crossing, nicolae_vaults_network_s, v_pattern_1,
          nicolae_vaults_angled_halls, grunt_vaults_diagonal, vaults_dpeg_hooks,
          nicolae_vaults_little_ls, serial_shops, shop
Vaults:3: nicolae_vaults_network_star, ontoclasm_vaults_ring_large,
          vaults_room_fours, vaults_room_grid, v_pattern_5, v_misc_15,
          ontoclasm_vaults_decontamination, serial_shops, shop_fountains,
          uniq_boris
Lab:      labyrinth_hidden_loot
IceCv:    ice_cave_small_demon

Table legend:
 A = Turns spent in this place as a percentage of turns spent in the entire game.
 B = Non-inter-level travel turns spent in this place as a percentage of non-inter-level travel turns spent in the entire game.
 C = Inter-level travel turns spent in this place as a percentage of turns spent in this place.
 D = Turns resting spent in this place as a percentage of non-inter-level travel turns spent in this place.
 E = Turns spent auto-exploring this place as a percentage of non-inter-level travel turns spent in this place.
 F = Non-inter-level travel turns spent in this place divided by the number of levels of this place that you've seen.
                   A       B       C       D       E      F
               +-------+-------+-------+-------+-------+----------------------
         Total | 100.0 | 100.0 |   0.6 |   1.7 |   2.4 | 611.9
       Dungeon |  38.8 |  38.8 |   0.8 |   2.4 |   3.2 | 584.9
        Temple |   0.1 |   0.1 |   5.9 |   0.0 |  62.5 |  16.0
          Lair |  19.4 |  19.4 |   0.8 |   1.2 |   1.8 | 731.2
         Swamp |   9.0 |   9.0 |   0.5 |   1.0 |   3.1 | 509.0
   Spider Nest |  13.2 |  13.2 |   0.5 |   1.9 |   1.5 | 747.8
  Orcish Mines |   6.7 |   6.7 |   0.6 |   0.7 |   2.3 | 757.5
        Vaults |  12.1 |  12.2 |   0.1 |   1.2 |   1.3 | 919.0
     Labyrinth |   0.5 |   0.6 |   0.0 |   0.0 |   0.0 | 125.0
      Ice Cave |   0.2 |   0.2 |   0.0 |   5.1 |   0.0 |  39.0
               +-------+-------+-------+-------+-------+----------------------

Table legend:
 A = Kills in this place as a percentage of kills in entire the game.
 B = Kills by you in this place as a percentage of kills by you in the entire game.
 C = Kills by friends in this place as a percentage of kills by friends in the entire game.
 D = Other kills in this place as a percentage of other kills in the entire game.
 E = Experience gained in this place as a percentage of experience gained in the entire game.
 F = Experience gained in this place divided by the number of levels of this place that you have seen.
                   A       B       C       D       E      F
               +-------+-------+-------+-------+-------+----------------------
         Total | 100.0 | 100.0 | 100.0 | 100.0 | 100.0 | 8598.7
       Dungeon |  33.6 |  50.4 |  25.5 |  35.3 |  17.1 | 3628.7
          Lair |  16.5 |   8.6 |  20.3 |  17.6 |  12.5 | 6606.3
         Swamp |  10.7 |   6.6 |  12.8 |   5.9 |  14.8 | 11734.0
   Spider Nest |  18.4 |   9.6 |  22.9 |   0.0 |  23.3 | 18547.2
  Orcish Mines |   8.2 |   2.3 |  10.6 |  35.3 |   2.9 | 4642.5
        Vaults |  12.5 |  22.5 |   7.8 |   5.9 |  29.2 | 30980.0
     Labyrinth |   0.1 |   0.0 |   0.2 |   0.0 |   0.2 | 733.0
               +-------+-------+-------+-------+-------+----------------------
